 Dungeon Crawl Stone Soup version 0.23.2-1-ga50397a (webtiles) character file.

Game seed: 1212572612109421213

44992 goulibeur the Fighter (level 13, -13/124 HPs)
             Began as a Yellow Draconian Berserker on May 24, 2019.
             Was the Champion of Trog.
             Mangled by a seven-headed hydra (17 damage)
             ... on level 6 of the Lair of Beasts.
             The game lasted 01:25:52 (25770 turns).

goulibeur the Fighter (Yellow Draconian Berserker) Turns: 25770, Time: 01:25:53

Health: -13/124    AC: 15    Str: 30    XL:     13   Next: 99%
Magic:  13/13      EV: 18    Int:  8    God:    Trog [******]
Gold:   1345       SH:  0    Dex: 16    Spells: 12/12 levels left

rFire    . . .     SeeInvis .   g - +6 mace of Qamautoben {flame, -Tele +Inv Str+6}
rCold    . . .     Gourm    .   y - +3 shield
rNeg     . . .     Faith    .   (armour unavailable)
rPois    .         Spirit   .   (helmet restricted)
rElec    .         Reflect  .   H - +2 cloak {+Inv}
rCorr    +         Harm     .   o - +2 pair of gloves
MR       .....     NoTele   +   h - +0 pair of boots
Stlth    +.........             (no amulet)
HPRegen  0.30/turn              (no ring)
MPRegen  0.13/turn              (no ring)

@: confused, mighty, berserk cooldown, flying, slowed, very slow
A: spit acid, unfitting armour, cold-blooded, acid resistance, AC +8
a: Breathe Acid, Berserk, Trog's Hand, Brothers in Arms, Renounce Religion,
Evoke Invisibility


You were on level 6 of the Lair of Beasts.
You worshipped Trog.
Trog was exalted by your worship.
You were very hungry.

You visited 3 branches of the dungeon, and saw 21 of its levels.

You collected 1345 gold pieces.

Inventory:

Hand Weapons
 g - the +6 mace of Qamautoben (weapon) {flame, -Tele +Inv Str+6}
   (You found it on level 7 of the Dungeon)

   It has been specially enchanted to burn those struck by it, causing extra
   injury to most foes and up to half again as much damage against particularly
   susceptible opponents.
   It affects your strength (+6).
   It lets you turn invisible.
   It prevents most forms of teleportation.
Missiles
 a - 7 javelins
 e - a steel javelin
 f - 10 javelins of penetration (quivered)
 r - 2 needles of confusion
 K - 9 tomahawks
 R - 2 tomahawks of returning
 S - 2 needles of paralysis
 T - 5 silver tomahawks
 V - 3 steel tomahawks
 X - 5 silver javelins
Armour
 h - a +0 pair of boots (worn)
 o - a +2 pair of gloves (worn)
 y - a +3 shield (worn)
 H - a +2 cloak of invisibility (worn)
Jewellery
 Y - an uncursed ring of stealth {unknown}
Wands
 w - a wand of random effects (11)
 B - a wand of disintegration (4)
 G - a wand of digging (6)
 P - a wand of polymorph (7)
 W - a wand of paralysis (17)
Scrolls
 d - 2 scrolls of amnesia {unknown}
 k - 2 scrolls of immolation {unknown}
 l - 4 scrolls of enchant armour
 n - 19 scrolls of identify
 q - 6 scrolls of fear
 s - 3 scrolls of magic mapping
 u - a scroll of noise {unknown}
 v - 5 scrolls of remove curse
 A - 2 scrolls of silence {unknown}
 C - 3 scrolls of blinking
 F - 6 scrolls of teleportation
 I - 2 scrolls of enchant weapon
 J - a scroll of random uselessness
 L - a scroll of acquirement {unknown}
 M - 2 scrolls of brand weapon {unknown}
 N - 5 scrolls of fog
 Q - 3 scrolls of summoning {unknown}
Potions
 c - 14 potions of curing
 j - 3 potions of degeneration
 m - 6 potions of flight
 p - 3 potions of haste
 x - 2 potions of berserk rage
 D - a potion of magic {unknown}
 O - 3 potions of cancellation
 U - a potion of lignification {unknown}
 Z - a potion of invisibility {unknown}
Comestibles
 b - 21 rations


   Skills:
 * Level 14.1 Fighting
 * Level 13.1 Maces & Flails
 + Level 9.0 Throwing
 + Level 9.4 Dodging
 + Level 9.1 Shields


You had 12 spell levels left.
You didn't know any spells.
Your spell library was empty.

Dungeon Overview and Level Annotations

Branches:
Dungeon (14/15)            Temple (1/1) D:5            Lair (6/6) D:9
 Shoals (0/4) Lair:3       Spider (0/4) Lair:2        Slime (0/5) Lair:6
    Orc (0/2) D:12
 Vaults: D:13-14

Altars:
Cheibriados
Elyvilon
Gozag
Kikubaaqudgha
Makhleb
Qazlal
Ru
Uskayaw
Vehumet
Wu Jian
Xom
The Shining One

Shops:
D:2 *   D:6 :


Innate Abilities, Weirdness & Mutations

You can spit globs of acid.
Your golden yellow scales are hard. (AC +8)
You cannot fit into any form of body armour.
You are cold-blooded and may be slowed by cold attacks.
You are resistant to acid. (rCorr)


Message History

The seven-headed hydra misses you. The seven-headed hydra bites you!
* * * LOW HITPOINT WARNING * * *
The seven-headed hydra bites you but does no damage.
The seven-headed hydra misses you. The seven-headed hydra bites you!
* * * LOW HITPOINT WARNING * * *
The seven-headed hydra misses you.
The seven-headed hydra barely misses you. x2
The seven-headed hydra completely misses you.
The seven-headed hydra bites you but does no damage.
Okay, then.
You barely miss the seven-headed hydra.
The seven-headed hydra is heavily wounded.
The seven-headed hydra bites you but does no damage.
The seven-headed hydra barely misses you.
The seven-headed hydra closely misses you.
The seven-headed hydra bites you but does no damage.
The seven-headed hydra closely misses you.
The seven-headed hydra bites you but does no damage.
The seven-headed hydra bites you!
You die...

......#####.##
##..##÷....#
......#..#...###
#....#÷.8.#
............#..#
##....#...#
.......h#....#.#
#.........
......P##...P..#
###.......
.......P.......#
####......
...h...)..%%..†#
#..##.....
.........§.P.Fh###
#P.....8.#
...t.....$..%..#@#
###...#'#+#
..........%..FtD##
#.......#..
.......#......FS#
#...........
.....####...##.##
#..........# .....
#.######
#............
..... #..
............. .
...........÷.
..♣♣.♣.......
♣♣♣♣......


You could see a seven-headed hydra, a black mamba, 2 blink frogs and a
crocodile.

Vanquished Creatures
  Harold (D:8)
  A two-headed ogre (D:7)
  4 hydras
  A death knight (D:12)
  Nergalle (Lair:3)
  2 slime creatures (D:12)
  2 manticores (D:12)
  An ugly thing (D:12)
  8 oklob plants
  5 elephants (Lair:3)
  2 merfolk sirens (Lair:3)
  Maurice (D:10)
  A black mamba (Lair:5)
  A kobold demonologist (D:12)
  8 spiny frogs
  A rime drake (Lair:6)
  8 komodo dragons
  3 trolls
  3 merfolk
  A polar bear (Lair:6)
  2 hornets (D:12)
  Prince Ribbit (D:7)
  7 dream sheep (Lair:6)
  10 hippogriffs
  2 redbacks (Lair:2)
  3 wraiths
  4 wyverns
  51 yaks
  2 basilisks
  3 hungry ghosts
  A floating eye (Lair:4)
  7 porcupines
  9 water moccasins
  5 orc warriors
  3 sky beasts
  2 phantoms
  3 ice beasts
  A black bear (D:10)
  An eye of draining (D:10)
  6 ogres
  29 wolves
  3 centaurs
  8 crocodiles
  12 big kobolds
  12 bullfrogs
  A wyvern zombie (D:9)
  A water moccasin zombie (D:5)
  A wyvern skeleton (D:9)
  3 scorpions
  2 troll zombies (D:12)
  8 wights
  7 killer bees
  6 howler monkeys
  9 crimson imps
  A quasit (D:5)
  19 jellies
  7 orc priests
  2 centaur skeletons
  3 hounds
  15 orc wizards
  Crazy Yiuf (D:7)
  3 bullfrog skeletons
  Terence (D:3)
  3 iguanas
  Natasha (D:3)
  11 worker ants
  4 ogre zombies (D:12)
  A hound zombie (D:11)
  2 worker ant zombies
  Robin (D:3)
  13 gnolls
  15 adders
  3 shadow imps
  2 adder zombies
  An adder skeleton (D:7)
  2 worms
  2 dart slugs
  3 leopard geckos
  49 orcs
  4 bat zombies (D:3)
  7 giant cockroaches
  11 goblins
  10 hobgoblins
  9 jackals
  4 quokkas
  9 bats
  6 frilled lizards
  2 goblin skeletons (D:12)
  A goblin zombie (D:12)
  2 hobgoblin skeletons (D:12)
  A hobgoblin zombie (D:12)
  83 kobolds
  A leopard gecko skeleton (D:5)
  An orc skeleton (D:12)
  12 orc zombies (D:12)
  8 rats
  3 rat zombies (D:3)
  7 plants
626 creatures vanquished.

Vanquished Creatures (others)
  9 fungi
  4 plants
13 creatures vanquished.

Grand Total: 639 creatures vanquished

Notes
Turn   | Place    | Note
-------+----------+-------------------------------------------
     0 | D:1      | goulibeur the Draconian Berserker began the quest for the
                  | Orb.
     0 | D:1      | Reached XP level 1. HP: 19/19 MP: 1/1
   536 | D:1      | Reached XP level 2. HP: 25/26 MP: 2/2
   899 | D:2      | Reached skill level 1 in Throwing
   899 | D:2      | Reached XP level 3. HP: 33/33 MP: 3/3
   901 | D:2      | Reached ** piety under Trog
  1258 | D:2      | Reached XP level 4. HP: 24/40 MP: 4/4
  1404 | D:2      | Reached skill level 4 in Fighting
  1641 | D:2      | Found a shimmering altar of Xom.
  1746 | D:2      | Found an opulent altar of Gozag.
  1747 | D:2      | Found Gozag's Platinum Reserve.
  2003 | D:3      | Found an ornate altar of the Wu Jian Council.
  2079 | D:3      | Noticed Terence
  2082 | D:3      | Killed Terence
  2082 | D:3      | Reached *** piety under Trog
  2131 | D:3      | Noticed a water moccasin
  2141 | D:3      | Reached XP level 5. HP: 37/46 MP: 5/5
  2151 | D:3      | Killed a water moccasin
  2418 | D:3      | Found a hide-covered altar of Uskayaw.
  2542 | D:3      | Noticed Robin
  2543 | D:3      | Reached XP level 6. HP: 53/53 MP: 6/6
  2562 | D:3      | Killed Robin
  3154 | D:3      | Noticed Natasha
  3164 | D:3      | Killed Natasha
  3304 | D:3      | Found an ancient bone altar of Kikubaaqudgha.
  3490 | D:4      | Reached **** piety under Trog
  3650 | D:4      | Reached skill level 5 in Fighting
  3807 | D:4      | Found a sacrificial altar of Ru.
  4070 | D:4      | Your scales start taking on a golden yellow colour.
  4070 | D:4      | Reached XP level 7. HP: 54/61 MP: 7/7
  4070 | D:4      | Gained mutation: You are resistant to acid. (rCorr) [Yellow
                  | Draconian growth]
  4355 | D:4      | Found a burning altar of Makhleb.
  4375 | D:4      | Reached skill level 5 in Maces & Flails
  4674 | D:5      | Entered Level 5 of the Dungeon
  4680 | D:5      | Found a radiant altar of Vehumet.
  4717 | D:5      | Reached skill level 1 in Shields
  4718 | D:5      | Found a staircase to the Ecumenical Temple.
  4816 | Temple   | Entered the Ecumenical Temple
  5024 | D:5      | Found a radiant altar of Vehumet.
  5040 | D:5      | Reached skill level 6 in Fighting
  5258 | D:5      | Reached XP level 8. HP: 53/70 MP: 8/8
  5655 | D:5      | Found a white marble altar of Elyvilon.
  5655 | D:5      | Found a snail-covered altar of Cheibriados.
  6227 | D:6      | Reached skill level 5 in Dodging
  6303 | D:6      | Reached skill level 7 in Fighting
  6304 | D:6      | Found Inoen's Book Shop.
  6742 | D:6      | Reached ***** piety under Trog
  6976 | D:6      | Received a gift from Trog
  6999 | D:6      | Reached XP level 9. HP: 34/79 MP: 9/9
  7248 | D:6      | Received a gift from Trog
  8161 | D:7      | Got a crude mace
  8162 | D:7      | Identified the +6 mace of Qamautoben {flame, -Tele +Inv
                  | Str+6} (You found it on level 7 of the Dungeon)
  8278 | D:7      | Noticed Prince Ribbit
  8289 | D:7      | Killed Prince Ribbit
  8289 | D:7      | Reached skill level 8 in Fighting
  8655 | D:7      | Found a white marble altar of Elyvilon.
  8967 | D:7      | Reached skill level 5 in Throwing
  9117 | D:7      | Found a runed translucent door.
  9118 | D:7      | Noticed Crazy Yiuf
  9295 | D:7      | Killed Crazy Yiuf
  9563 | D:8      | Noticed a two-headed ogre
  9710 | D:7      | Killed a two-headed ogre
  9710 | D:7      | Reached skill level 9 in Fighting
  9710 | D:7      | Reached XP level 10. HP: 91/91 MP: 10/10
  9904 | D:8      | Found a stormy altar of Qazlal.
 10144 | D:8      | Noticed Harold
 10160 | D:8      | Killed Harold
 10160 | D:8      | Reached skill level 5 in Shields
 11048 | D:8      | Found a glowing golden altar of the Shining One.
 11467 | D:9      | Reached skill level 10 in Fighting
 11514 | D:8      | Received a gift from Trog
 11974 | D:9      | Found a staircase to the Lair.
 12442 | D:10     | Entered Level 10 of the Dungeon
 12545 | D:10     | Reached XP level 11. HP: 90/101 MP: 11/11
 13176 | D:10     | Noticed Maurice
 13212 | D:10     | Killed Maurice
 13770 | D:11     | Reached skill level 10 in Maces & Flails
 14141 | D:11     | Reached skill level 11 in Fighting
 14174 | D:11     | You fall through a shaft for 3 floors!
 14174 | D:14     | Noticed a deep elf mage
 14174 | D:14     | Noticed a deep elf mage
 14175 | D:14     | Noticed a four-headed hydra
 14180 | D:14     | Killed a four-headed hydra
 14735 | D:12     | Found a staircase to the Orcish Mines.
 14735 | D:12     | Noticed a purple ugly thing
 14763 | D:12     | Killed a purple ugly thing
 14772 | D:12     | Received a gift from Trog
 15319 | D:12     | Received a gift from Trog
 15454 | D:12     | Reached XP level 12. HP: 47/111 MP: 12/12
 15805 | D:12     | Noticed a death knight
 15815 | D:12     | Killed a death knight
 15872 | D:12     | Paralysed by a hornet for 2 turns
 16866 | D:12     | Reached skill level 12 in Fighting
 17933 | Lair:1   | Entered Level 1 of the Lair of Beasts
 18237 | Lair:1   | Noticed a seven-headed hydra
 18249 | Lair:1   | Killed a seven-headed hydra
 18729 | Lair:1   | Received a gift from Trog
 19005 | Lair:1   | Reached ****** piety under Trog
 19360 | Lair:2   | Received a gift from Trog
 19655 | Lair:2   | Found a hole to the Spider Nest.
 20848 | Lair:3   | Received a gift from Trog
 21286 | Lair:3   | Reached skill level 13 in Fighting
 21286 | Lair:3   | Reached XP level 13. HP: 92/122 MP: 13/13
 21857 | Lair:3   | Received a gift from Trog
 21998 | Lair:3   | Found a staircase to the Shoals.
 22338 | Lair:3   | Noticed Nergalle
 22351 | Lair:3   | Killed Nergalle
 22799 | Lair:4   | Paralysed by a floating eye for 3 turns
 24721 | Lair:6   | Entered Level 6 of the Lair of Beasts
 25098 | Lair:6   | Reached skill level 14 in Fighting
 25168 | Lair:6   | Found a staircase to the Slime Pits.
 25769 | Lair:6   | HP: 1/124 [seven-headed hydra (15)]
 25770 | Lair:6   | Mangled by a seven-headed hydra

Skill      XL: |  1  2  3  4  5  6  7  8  9 10 11 12 13 |
---------------+----------------------------------------+-----
Dodging        | 3 4 5 6 7 8 9 |  9.4
Throwing       | 1 2 3 4 5 6 7 8 9 |  9.0
Fighting       | 4 5 6 7 9 10 11 13 14 | 14.1
Maces & Flails | 4 5 6 8 9 10 12 13 | 13.1
Shields        | 1 3 4 5 6 8 9 |  9.1

Action                   |  1- 3 |  4- 6 |  7- 9 | 10-12 | 13-15 || total
-------------------------+-------+-------+-------+-------+-------++-------
Melee: Mace              |    90 |    64 |   101 |   919 |   465 ||  1639
       Tailslap          |     4 |    24 |    66 |   184 |   110 ||   388
       Flail             |       |   185 |   354 |       |       ||   539
Throw: Javelin           |       |       |     3 |    24 |    28 ||    55
       Tomahawk          |       |       |       |     6 |     4 ||    10
Invok: Berserk           |       |     4 |     8 |    11 |     3 ||    26
       Trog's Hand       |       |       |     1 |       |       ||     1
  Use: Potion            |       |       |     1 |     1 |     8 ||    10
       Scroll            |       |       |       |    19 |       ||    19
 Stab: Sleeping          |       |     2 |     2 |     1 |     1 ||     6
  Eat: Chunk             |     1 |    12 |    20 |    26 |    13 ||    72
       Ration            |       |       |     2 |     7 |     1 ||    10
Armor: Skin              |    32 |    88 |   118 |   193 |    92 ||   523
Dodge: Dodged            |    58 |   195 |   253 |   369 |   244 ||  1119
Block: Shield            |       |     3 |   286 |   586 |   321 ||  1196
